 Dungeon Crawl Stone Soup version 0.30-a0-879-ga8ba668304 (webtiles) character file.

Game seed: 14311327887565660883

37951 pokeman the Eclecticist (level 13, -5/72 HPs)
             Began as a Deep Elf Hedge Wizard on Mar 12, 2023.
             Was an Elder of Vehumet.
             Killed from afar by Azrael (21 damage)
             ... with a bolt of fire
             ... on level 14 of the Dungeon on Mar 13, 2023.
             The game lasted 00:53:39 (20054 turns).

pokeman the Eclecticist (Deep Elf Hedge Wizard)    Turns: 20054, Time: 00:53:40

Health: -5/72      AC: 13    Str:  7    XL:     13   Next: 61%
Magic:  44/47      EV: 12    Int: 32    God:    Vehumet [****..]
Gold:   2150       SH:  0    Dex: 14    Spells: 36/50 levels left

rFire   . . .      SeeInvis +    u - +2 scythe (venom)
rCold   . . .      Faith    .    (shield currently unavailable)
rNeg    + . .      Spirit   .    o - +0 acid dragon scales
rPois   +          Reflect  .    U - +0 hat {SInv}
rElec   .          Rampage  .    P - +0 cloak
rCorr   +                        s - +2 pair of gloves "Qasuet" {+Inv Regen+ rCorr Int+3}
Will    +....                    D - +0 pair of boots
Stlth   +                        c - amulet of regeneration
HPRegen 1.92/turn                f - ring "Neaher" {rN+ MP+9 Int+4 Stlth-}
MPRegen 0.30/turn                K - ring of poison resistance

@: studying Shields
A: no striking features
a: Renounce Religion, Evoke Invisibility


You were on level 14 of the Dungeon.
You worshipped Vehumet.
Vehumet was greatly pleased with you.
You visited 2 branches of the dungeon, and saw 15 of its levels.
You also visited: Bailey.

You collected 2439 gold pieces.
You spent 289 gold pieces at shops.

Inventory:

Hand Weapons
 u - a +2 scythe of venom (weapon)
Missiles
 E - 6 curare-tipped darts
Armour
 o - +0 acid dragon scales (worn)
 s - the +2 pair of gloves "Qasuet" (worn) {+Inv Regen+ rCorr Int+3}
   (You found it on level 3 of the Dungeon)

   Int:       It affects your intelligence (+3).
   +Inv:      It lets you turn invisible.
   Regen:     It increases your rate of health regeneration.
   rCorr:     It protects you from acid and corrosion.
 A - +0 ice dragon scales
 C - a +0 leather armour of fire resistance
 D - a +0 pair of boots (worn)
 M - +0 steam dragon scales
 P - a +0 cloak (worn)
 U - a +0 hat of see invisible (worn)
 X - a +1 robe of cold resistance
Magical Staves
 p - a staff of cold
Jewellery
 b - a ring of protection from fire
 c - an amulet of regeneration (around neck)
 f - the ring "Neaher" (left hand) {rN+ MP+9 Int+4 Stlth-}
   (You found it on level 12 of the Dungeon)

   [ring of magical power]

   Int:       It affects your intelligence (+4).
   rN:        It protects you from negative energy.
   MP:        It affects your magic capacity (+9).
   Stlth:     It makes you less stealthy.
 h - a +5 ring of evasion
 v - a +5 ring of evasion
 I - a ring of resist corrosion
 K - a ring of poison resistance (right hand)
Wands
 q - a wand of paralysis (15)
 r - a wand of digging (7)
 y - a wand of polymorph (8)
 H - a wand of roots (11)
 N - a wand of light (2)
Scrolls
 a - 2 scrolls of poison
 e - a scroll of torment
 n - 2 scrolls of magic mapping
 x - 3 scrolls of enchant weapon
 B - a scroll of brand weapon
 G - 3 scrolls of blinking
 L - 5 scrolls of teleportation
Potions
 d - a potion of magic
 i - 8 potions of curing
 j - 3 potions of mutation
 k - 2 potions of haste {unknown}
 l - 2 potions of cancellation {unknown}
 m - 7 potions of heal wounds
 w - 3 potions of attraction {unknown}
 z - 4 potions of berserk rage {unknown}
 S - 2 potions of brilliance {unknown}
 V - 2 potions of lignification {unknown}
 W - a potion of ambrosia {unknown}
 Y - 2 potions of flight {unknown}
Miscellaneous
 g - a tin of tremorstones (2/2)
 t - a lightning rod (4/4)
 R - a piece from Xom's chessboard (15/15)


   Skills:
 + Level 5.2 Fighting
 - Level 5.1 Armour
 - Level 4.0 Dodging
 - Level 4.1 Stealth
 - Level 6.0 Shields
 * Level 19.4 Spellcasting
 + Level 11.7 Conjurations
 + Level 11.2 Summonings
 - Level 1.1 Translocations
 - Level 1.0 Ice Magic
 - Level 1.0 Air Magic
 - Level 2.1 Earth Magic
 - Level 1.0 Poison Magic
 - Level 1.0 Evocations


You had 36 spell levels left.
You knew the following spells:

 Your Spells              Type           Power      Damage    Failure   Level
a - Magic Dart            Conj           100%       1d8       0%          1
b - Mephitic Cloud        Conj/Pois/Air  57%        N/A       1%          3
c - Call Imp              Summ           80%        N/A       1%          2
d - Blink                 Tloc           76%        N/A       1%          2
e - Call Canine Familiar  Summ           80%        N/A       1%          3
f - Stone Arrow           Conj/Erth      100%       3d13      1%          3

Your spell library contained the following spells:

 Spells                   Type           Power      Damage    Failure   Level
 Olgreb's Toxic Radiance  Pois           37%        N/A       3%          4
 Sandblast                Erth           88%        2d18      1%          1
 Slow                     Hex            100%       N/A       1%          1
 Summon Small Mammal      Summ           100%       N/A       1%          1
 Lesser Beckoning         Tloc           76%        N/A       1%          2
 Passwall                 Tmut/Erth      30%        N/A       1%          2
 Inner Flame              Hex/Fire       31%        N/A       1%          3
 Summon Guardian Golem    Hex/Summ       61%        N/A       1%          3
 Cigotuvi's Dreadful Rot  Necr/Pois/Air  70%        N/A       2%          2
 Gell's Gravitas          Tloc           38%        N/A       3%          3
 Teleport Other           Tloc           38%        N/A       3%          3
 Cause Fear               Hex            15%        N/A       21%         4
 Discord                  Hex            15%        N/A       100%        8


Dungeon Overview and Level Annotations

Branches:
Dungeon (14/15)            Temple (1/1) D:5            Lair (0/5) D:9
    Orc (0/2) D:10         Vaults (0/5) D:13         Bailey (visited)

Altars:
Ashenzari
Cheibriados
Dithmenos
Elyvilon
Fedhas
Gozag
Hepliaklqana
Kikubaaqudgha
Makhleb
Nemelex Xobeh
Okawaru
Qazlal
Ru
Sif Muna
Trog
Uskayaw
Vehumet
Wu Jian
Xom
Yredelemnul
Zin
The Shining One

Shops:
D:5 *   D:7 !   D:11 *

Annotations:
D:8 Book behind rock
D:14 Agnes, Azrael


Message History

Unknown command.
Casting: Stone Arrow (safe; 1% risk of failure)
Confirm with . or Enter, or press ? or * to list all spells.
Aiming: Stone Arrow (safe; 1% risk of failure)
Press: ? - help, Shift-Dir - straight line, f/p - fire elemental
Aim: a fire elemental (almost destroyed, 72% to hit)
The stone arrow hits the fire elemental!!
You destroy the fire elemental!
Vehumet accepts your kill.
You feel your power returning.
You start resting.
Magic restored.
Found 2 stones.
Found a battleaxe.
Agnes the Wanderer comes into view.
She is wielding a +6 lajatang of speed.
Agnes shouts!
Azrael the Boundless Flame comes into view.
He is wielding a +2 scimitar of flaming.
Unknown command.
Agnes says, "You dishonour your ancestors."
Agnes bows.
Azrael gestures at you.
The fireball explodes!
The fireball engulfs you!!
You hear a horrible gurgling sound!
Agnes attacks as you move away! Agnes closely misses you.
Agnes hits you with a +6 lajatang of speed!!
* * * LOW HITPOINT WARNING * * *
Casting: Stone Arrow (safe; 1% risk of failure)
Confirm with . or Enter, or press ? or * to list all spells.
Aiming: Mephitic Cloud (safe; 1% risk of failure)
Press: ? - help, Shift-Dir - straight line, f - Agnes
Aim: Agnes, wielding a +6 lajatang of speed and wearing a +0 robe (chance to affect: 48%)
The ball explodes into a vile cloud!
The stinking cloud engulfs Agnes but does no damage.
The stinking cloud engulfs you but does no damage.
You hear a bark!
Agnes is engulfed in noxious fumes.
Agnes barely misses you.
Agnes is engulfed in noxious fumes.
Agnes appears confused.
Azrael gestures at you. The bolt of fire hits you!!
You die...

..#####.#.......#
......#.#.......#
......#.#.......#
......#.#.......#
........#.......#
...........########
...........##......
###....##.....#####
................@§########
.###........####§i○.##...##
##....>....# ##..........##
#.....[##### #............#
##.#..[...# #............#
(..#.†#.#.# #............#
###...<.#.# ##..R.......##
..)..[###.# ##.°.##...##
#####)# .# ##.........


You could see Agnes (confused) and Azrael.

Vanquished Creatures
  2 hydras
  Fannar (D:11)
  An ice dragon (D:13)
  6 centaur warriors
  4 two-headed ogres
  2 boulder beetles
  A tengu warrior (D:13)
  An iron troll (D:13)
  Pikel (D:7)
  An ugly thing (D:13)
  4 manticores
  A deep elf pyromancer (D:12)
  5 cyclopes
  A black mamba (shapeshifter) (D:13)
  2 gargoyles
  An unseen horror (D:12)
  A kobold demonologist (D:12)
  A tengu conjurer (D:13)
  6 trolls
  4 shadows
  3 wyverns
  2 vampires
  5 slime creatures (D:12)
  6 wraiths
  22 yaks
  2 fire elementals (D:14)
  3 steam dragons
  14 vampire mosquitoes
  An acid dragon (D:12)
  A water moccasin (D:6)
  18 orc warriors
  3 ice beasts
  A black bear (D:7)
  4 ogres
  15 centaurs
  A wolf (D:11)
  5 kobold brigands
  2 phantoms (D:5)
  2 bullfrogs
  2 gnoll sergeants
  3 scorpions
  4 wights
  17 killer bees
  7 howler monkeys
  5 electric eels
  11 orc priests
  2 hounds
  A jelly (D:5)
  A gnoll bouda (D:5)
  Terence (D:3)
  2 sleepcaps
  Natasha (thrice) (D:3)
  2 iguanas
  19 orc wizards
  20 gnolls
  9 adders
  2 white imps (D:7)
  5 ufetubi
  2 dart slugs
  3 worms
  77 orcs
  6 bats (D:1)
  5 endoplasms
  2 giant cockroaches
  7 goblins
  10 hobgoblins
  3 jackals (D:1)
  3 quokkas
  4 ball pythons
  A frilled lizard (D:1)
  45 kobolds
  5 rats
445 creatures vanquished.

Vanquished Creatures (collateral kills)
  Gastronok (D:11)
  Harold (D:10)
  A two-headed ogre (D:9)
  Maurice (D:9)
  An unseen horror (D:10)
  Sigmund (D:3)
  A yak (D:10)
  An orc warrior (D:9)
  An ice beast (D:7)
  A kobold brigand (D:9)
  A gnoll sergeant (D:9)
  A killer bee (D:10)
  An orc priest (D:10)
  An orc wizard (D:10)
  A statue (D:10)
  2 gnolls
  An adder (D:3)
  4 orcs (D:10)
22 creatures vanquished.

Grand Total: 467 creatures vanquished

Notes
Turn   | Place    | Note
-------+----------+-------------------------------------------
     0 | D:1      | pokeman the Deep Elf Hedge Wizard began the quest for the
                  | Orb.
     0 | D:1      | Reached XP level 1. HP: 10/10 MP: 7/7
   237 | D:1      | Reached XP level 2. HP: 15/15 MP: 5/9
   779 | D:1      | Reached skill level 5 in Spellcasting
  1106 | D:1      | Reached XP level 3. HP: 20/20 MP: 7/11
  1110 | D:1      | Learned a level 3 spell: Mephitic Cloud
  1113 | D:1      | Learned a level 2 spell: Call Imp
  1116 | D:1      | Learned a level 2 spell: Blink
  1448 | D:2      | Reached skill level 1 in Fighting
  1558 | D:2      | Reached skill level 1 in Armour
  2094 | D:3      | Reached XP level 4. HP: 25/25 MP: 8/13
  2244 | D:3      | Noticed Sigmund
  2881 | D:3      | Identified the +2 pair of gloves "Qasuet" {+Inv Regen+
                  | rCorr Int+3}
  2980 | D:3      | Found a shadowy altar of Dithmenos.
  2998 | D:3      | Killed Sigmund
  2999 | D:3      | Reached skill level 6 in Spellcasting
  2999 | D:3      | Reached XP level 5. HP: 25/29 MP: 6/16
  3378 | D:3      | Noticed Terence
  3388 | D:3      | Killed Terence
  3389 | D:3      | Reached XP level 6. HP: 34/34 MP: 14/17
  3449 | D:3      | Noticed Natasha
  3457 | D:3      | Killed Natasha
  4204 | D:3      | Noticed Natasha
  4213 | D:3      | Killed Natasha
  4248 | D:3      | Noticed Natasha
  4255 | D:3      | Killed Natasha
  4256 | D:3      | Reached skill level 7 in Spellcasting
  5153 | D:5      | Entered Level 5 of the Dungeon
  5190 | D:5      | Reached skill level 1 in Evocations
  5190 | D:5      | Reached XP level 7. HP: 38/38 MP: 17/20
  5249 | D:5      | Found a staircase to the Ecumenical Temple.
  5265 | Temple   | Entered the Ecumenical Temple
  5425 | D:5      | Reached skill level 1 in Air Magic
  5489 | D:5      | Reached skill level 1 in Ice Magic
  5523 | D:5      | Reached skill level 1 in Poison Magic
  5619 | D:5      | Reached skill level 8 in Spellcasting
  5858 | D:5      | Found Laett's General Store.
  6269 | D:5      | Reached XP level 8. HP: 44/44 MP: 18/22
  6623 | D:5      | Found a burning altar of Makhleb.
  6767 | D:6      | Reached skill level 9 in Spellcasting
  6902 | D:6      | Found a sparkling altar of Nemelex Xobeh.
  6913 | D:6      | Noticed a troll
  6913 | D:6      | Noticed a troll
  6938 | D:6      | Killed a troll
  6939 | D:6      | Reached skill level 5 in Conjurations
  6949 | D:6      | Killed a troll
  6950 | D:6      | Reached skill level 10 in Spellcasting
  7236 | D:6      | Reached XP level 9. HP: 42/48 MP: 9/25
  8203 | D:6      | Reached skill level 11 in Spellcasting
  8694 | D:7      | Identified the +8 chain mail "Athewnab" {Int+4 Dex+3}
  8763 | D:7      | Found Puphaawn's Distillery.
  8768 | D:7      | Bought a potion of curing for 39 gold pieces
  8768 | D:7      | Bought a potion of heal wounds for 65 gold pieces
  8768 | D:7      | Bought 2 potions of heal wounds for 130 gold pieces
  8768 | D:7      | Bought a potion of degeneration for 13 gold pieces
  8935 | D:7      | Reached skill level 1 in Shields
  8977 | D:7      | Reached skill level 5 in Summonings
  9086 | D:7      | Noticed Pikel
  9103 | D:7      | Killed Pikel
  9425 | D:7      | Reached skill level 12 in Spellcasting
  9496 | D:7      | Found a glowing golden altar of the Shining One.
 10191 | D:8      | Reached XP level 10. HP: 53/53 MP: 19/28
 10763 | D:9      | Noticed a two-headed ogre
 10774 | D:9      | Killed a two-headed ogre
 10775 | D:9      | Reached skill level 13 in Spellcasting
 10878 | D:9      | Reached skill level 5 in Shields
 11037 | D:9      | Noticed a two-headed ogre
 11049 | D:9      | Killed a two-headed ogre
 11050 | D:9      | Reached skill level 14 in Spellcasting
 11519 | D:9      | Noticed a centaur warrior
 11528 | D:9      | Noticed a two-headed ogre
 11533 | D:9      | Reached XP level 11. HP: 37/57 MP: 24/31
 11560 | D:9      | Killed a two-headed ogre
 11575 | D:9      | Killed a centaur warrior
 11904 | D:9      | Learned a level 3 spell: Call Canine Familiar
 11926 | D:9      | Reached skill level 15 in Spellcasting
 12042 | D:9      | Noticed Maurice
 12077 | D:9      | Killed Maurice
 12254 | D:9      | Found a staircase to the Lair.
 12434 | D:10     | Entered Level 10 of the Dungeon
 12626 | D:10     | Found a flagged portal.
 12631 | D:10     | Noticed Harold
 12634 | Bailey   | Entered a bailey
 13505 | D:10     | Found a radiant altar of Vehumet.
 13525 | D:10     | Killed Harold
 13534 | D:10     | Became a worshipper of Vehumet
 13607 | D:10     | Reached skill level 16 in Spellcasting
 13735 | D:10     | Reached * piety under Vehumet
 13735 | D:10     | Offered knowledge of Sandblast by Vehumet.
 13860 | D:10     | Found a shimmering altar of Xom.
 14116 | D:10     | Found a staircase to the Orcish Mines.
 14219 | D:10     | Learned a level 3 spell: Stone Arrow
 14370 | D:11     | Noticed Gastronok
 14660 | D:11     | Killed Gastronok
 14661 | D:11     | Reached skill level 1 in Earth Magic
 14661 | D:11     | Reached XP level 12. HP: 63/66 MP: 26/34
 14775 | D:11     | Offered knowledge of Static Discharge by Vehumet.
 14781 | D:11     | Reached ** piety under Vehumet
 15061 | D:11     | Reached skill level 10 in Conjurations
 15147 | D:11     | Noticed Fannar
 15165 | D:11     | Killed Fannar
 15267 | D:11     | Reached skill level 17 in Spellcasting
 15525 | D:11     | Found Urulos's General Store.
 15533 | D:11     | Bought a scroll of teleportation for 42 gold pieces
 16306 | D:12     | Noticed a two-headed ogre
 16324 | D:12     | Killed a two-headed ogre
 16406 | D:12     | Identified the +2 plate armour of Cuzith {*Slow rPois Int-2
                  | Dex+8}
 16451 | D:12     | Identified the ring "Neaher" {rN+ MP+9 Int+4 Stlth-}
 16634 | D:12     | Noticed a two-headed ogre
 16641 | D:12     | Killed a two-headed ogre
 16705 | D:12     | Offered knowledge of Poisonous Vapours by Vehumet.
 16821 | D:12     | Reached skill level 10 in Summonings
 16879 | D:12     | Noticed a seven-headed hydra
 16889 | D:12     | Killed a seven-headed hydra
 16892 | D:12     | Reached skill level 18 in Spellcasting
 17055 | D:12     | Reached *** piety under Vehumet
 17321 | D:12     | Reached skill level 5 in Armour
 17328 | D:12     | Reached XP level 13. HP: 63/70 MP: 5/37
 18460 | D:13     | Identified a scroll of acquirement
 18461 | D:13     | Acquired 1215 gold pieces
 18694 | D:13     | Offered knowledge of Olgreb's Toxic Radiance by Vehumet.
 18838 | D:13     | Reached skill level 19 in Spellcasting
 19477 | D:13     | Reached skill level 5 in Fighting
 19576 | D:13     | Found a gate to the Vaults.
 19776 | D:14     | Reached **** piety under Vehumet
 20047 | D:14     | Noticed Agnes
 20047 | D:14     | Noticed Azrael
 20054 | D:14     | Killed from afar by Azrael

Illustrated notes

Levels and vault maps discovered:
D:1:      grunt_arrival_crossed_arrows, layout_loops_corners, st_stairs_4
D:2:      layout_rooms
D:3:      layout_basic, mainiacjoe_overflow_cross_hatched, minmay_fountain_box,
          ebering_dispersal_statue_hall, uniq_sigmund, uniq_terence,
          uniq_natasha
D:4:      layout_basic, minmay_misc_feat_x
D:5:      layout_basic, lemuel_tele_altar, minmay_temple_entry_waves,
          serial_shops, shop
D:6:      minmay_goblin_kobold_castle, layout_basic,
          mainiacjoe_overflow_brackets, minmay_manual_moon
D:7:      layout_layer_cave, nicolae_tso_swordbearing_angel, serial_shops,
          nicolae_diamond_shop, uniq_pikel
D:8:      layout_basic, item_on_display_b
D:9:      minmay_imperfect_grid, layout_basic, uniq_erica, uniq_maurice
D:10:     layout_cave_pools, mainiacjoe_overflow_24_doors, vehumet_statue,
          hiddenorc2_lemuel, lightli_bailey_entry_fortress, minmay_circle_x,
          uniq_harold
D:11:     layout_loops_ring, serial_ice, serial_ice_c, serial_ice_a,
          serial_ice_j, serial_ice_g, nicolae_stop_n_shop_2, uniq_fannar,
          uniq_gastronok
D:12:     minmay_box_of_statues, layout_irregular_city, minmay_misc_feat_chi
D:13:     layout_loops_ring, david_vaults_4, chequers_serial_rivers_room_a,
          minmay_misc_feat_diagonals, kennysheep_minor_cross, chequers_arboretum
D:14:     layout_rooms, nicolae_shop_clearance, uniq_agnes, uniq_azrael
Temple:   regret_index_temple_sphere_string

Skill      XL: |  1  2  3  4  5  6  7  8  9 10 11 12 13 |
---------------+----------------------------------------+-----
Spellcasting   | 5 6 7 8 10 12 14 16 18 19 | 19.4
Fighting       | 1 2 4 5 |  5.2
Armour         | 1 2 3 5 |  5.1
Conjurations   | 2 3 4 5 7 8 9 10 11 | 11.7
Dodging        | 3 4 |  4.0
Stealth        | 3 4 |  4.1
Evocations     | 1 |  1.0
Air Magic      | 1 |  1.0
Ice Magic      | 1 |  1.0
Poison Magic   | 1 |  1.0
Summonings     | 2 4 6 7 9 10 11 | 11.2
Shields        | 3 6 |  6.0
Earth Magic    | 1 2 |  2.1
Translocations | |  1.1

Action                     |  1- 3 |  4- 6 |  7- 9 | 10-12 | 13-15 || total
---------------------------+-------+-------+-------+-------+-------++-------
  Melee: Dagger            |    18 |     6 |       |       |       ||    24
         Halberd           |       |    22 |    99 |   300 |    13 ||   434
   Cast: Magic Dart        |   107 |    40 |   264 |   199 |     6 ||   616
         Mephitic Cloud    |     1 |    11 |    27 |   114 |    18 ||   171
         Call Imp          |     1 |     2 |     8 |     5 |       ||    16
         Blink             |       |       |     3 |     6 |       ||     9
         Call Canine Famil |       |       |       |    14 |     1 ||    15
         Stone Arrow       |       |       |       |   133 |   125 ||   258
  Evoke: Wand              |       |       |     1 |     6 |       ||     7
    Use: Scroll            |       |       |       |    14 |     4 ||    18
   Stab: Confused          |     1 |    10 |    11 |    34 |     3 ||    59
         Invisible         |       |       |       |     2 |       ||     2
 Armour: Robe              |     6 |     2 |    28 |       |     4 ||    40
         Steam dragon scal |       |       |     7 |    82 |       ||    89
         Acid dragon scale |       |       |       |     9 |    20 ||    29
  Dodge: Dodged            |    37 |    23 |   129 |   361 |    36 ||   586

Table legend: (Time is in decaauts)
 A = Elapsed time spent in this place.
 B = Non-inter-level travel time spent in this place.
 C = Inter-level travel time spent in this place.
 D = Time resting spent in this place.
 E = Time spent auto-exploring this place.
 F = Levels seen in this place.
 G = Mean time per level.
                   A        B        C        D        E       F      G
               +--------+--------+--------+--------+--------+-----+--------+
         Total |  20352 |  19240 |   1112 |   1302 |  14088 |  16 | 1272.0 |
       Dungeon |  19284 |  18183 |   1101 |   1302 |  13409 |  14 | 1377.4 |
        Temple |    176 |    166 |     10 |      0 |    124 |   1 |  176.0 |
        Bailey |    891 |    891 |      0 |      0 |    555 |   1 |  891.0 |
               +--------+--------+--------+--------+--------+-----+--------+

Top non-repeatable levels by time:
    D:13: 2089 daAuts
     D:3: 2058 daAuts
     D:6: 1886 daAuts
     D:9: 1800 daAuts
    D:12: 1717 daAuts
     D:5: 1494 daAuts
     D:1: 1434 daAuts
     D:7: 1340 daAuts
    D:10: 1336 daAuts
    D:11: 1209 daAuts
     D:8: 999 daAuts
  Bailey: 891 daAuts
     D:4: 890 daAuts
     D:2: 776 daAuts
    D:14: 250 daAuts
